Map: Disco Bloodbath LE

Players

MaNa - Winner!

  • Race: Protoss Protoss
  • Spawn Location: 3:00

Zanster

  • Race: Zerg Zerg
  • Spawn Location: 9:00

VOD

Have the link to the VOD?

Description

Time

  • Played on: Sept. 6, 2019, 5:35 p.m.
  • Length: 11:14
Show
View Real Time Build Order
Export as new Build Order

MaNa Protoss - Winner!

Build Orders: 1 Gate Expand, Oracle Opening, Archon Immortal, Archon Drop 

Get SALT Encoding   

  12  0:00  Probe  
  13  0:12  Probe  
  14  0:18  Pylon  
  14  0:24  Probe  
  15  0:32  Probe  
  15  0:38  Assimilator  
  15  0:40  Probe  
  16  0:47  Gateway  
  17  0:51  Probe  
  18  0:59  Assimilator  
  18  1:00  Probe  
  19  1:08  Probe  
  19  1:17  Probe  
  21  1:29  Probe  
  22  1:34  Cybernetics Core  
  22  1:43  Nexus  
  22  1:50  Pylon  
  22  1:53  Probe  
  23  2:02  Adept  
  23  2:08  Probe  
  24  2:11  Stargate  
  24  2:14  Warp Gate  
  26  2:20  Probe  
  27  2:28  Pylon  
  27  2:32  Probe  
  27  2:36  Stalker  
  30  2:44  Probe  
  30  2:45  Oracle  
  31  2:55  Probe  
  31  2:56  Probe  
  36  3:07  Probe  
  36  3:08  Probe  
  38  3:13  Oracle  
  38  3:19  Probe  
  39  3:21  Probe  
  43  3:31  Probe  
  43  3:33  Probe, Assimilator  
  45  3:35  Assimilator  
  45  3:37  Robotics Facility  
  45  3:41  Gateway  
  45  3:43  Probe  
  45  3:45  Probe  
  47  3:52  Probe  
  47  3:54  Twilight Council  
  48  3:57  Probe  
  48  4:00  Probe  
  49  4:08  Pylon  
  49  4:09  Probe x2  
  51  4:14  Warp Prism  
  51  4:15  Gateway x2  
  52  4:31  Templar Archives  
  54  4:37  Charge  
  54  4:39  Probe x2  
  56  4:47  Gateway  
  56  4:48  Gateway  
  56  4:52  Probe x2  
  58  5:04  Pylon  
  58  5:09  Nexus  
  58  5:11  Nexus  
  58  5:15  Pylon  
  58  5:23  High Templar x3  
  58  5:24  High Templar  
  58  5:25  Probe  
  58  5:26  Probe  
  58  5:28  Archon x2  
  68  5:35  Immortal  
  68  5:38  Probe x2  
  70  5:50  Probe x2  
  70  5:51  Pylon  
  72  5:58  Zealot x3  
  72  6:02  Pylon  
  78  6:09  Zealot  
  78  6:10  Zealot x2  
  83  6:15  Probe x2  
  84  6:25  Zealot, High Templar x2  
  87  6:27  Probe x2  
  87  6:29  Archon  
  87  6:30  Probe  
  90  6:33  Immortal  
  90  6:36  Zealot, Sentry x2  
  90  6:39  Probe x2  
  102  6:46  Shield Battery  
  100  6:51  Zealot  
  102  6:57  Zealot  
  102  6:58  Zealot x2  
  108  7:02  Pylon  
  108  7:04  Pylon  
  108  7:15  Psionic Storm  
  108  7:19  Zealot x2  
  108  7:22  Zealot x2, High Templar x2  
  112  7:23  Probe x3  
  112  7:29  Assimilator  
  115  7:31  Assimilator  
  115  7:40  Probe x2  
  115  7:41  Pylon  
  115  7:42  High Templar  
  115  7:43  Pylon  
  119  7:46  Forge  
  119  7:47  Zealot x3  
  123  8:01  Protoss Ground Weapons Level 1  
  123  8:02  Nexus  
  119  8:10  High Templar x2  
  119  8:12  High Templar  
  125  8:13  Probe x2  
  125  8:14  Probe  
  125  8:19  Immortal  
  132  8:23  Pylon  
  132  8:25  Probe  
  133  8:32  Shield Battery  
  133  8:34  Stalker x2  
  135  8:36  Photon Cannon  
  137  8:41  Robotics Facility  
  137  8:47  Zealot x2  
  137  8:48  Zealot  
  132  9:07  Zealot, High Templar x2  
  132  9:08  Zealot x2  
  132  9:09  Zealot  
  140  9:15  Gateway  
  140  9:16  Gateway  
  140  9:17  Gateway  
  140  9:22  Pylon  
  140  9:23  Pylon  
  140  9:32  Pylon  
  140  9:33  Pylon  
  140  9:35  Pylon  
  138  9:40  Immortal x2  
  143  9:47  High Templar x3  
  143  9:48  High Templar  
  143  9:49  Nexus  
  143  9:52  Archon x2  
  151  9:53  Pylon  
  151  9:57  Zealot x2  
  155  10:11  Zealot x3  
  157  10:19  Zealot x4  
  157  10:20  Zealot  
  167  10:27  Shield Battery  
  167  10:29  Shield Battery  
  163  10:41  Zealot x6  
  161  11:03  Zealot x7  
Show
View Real Time Build Order
Export as new Build Order

Zanster Zerg 

Build Orders: Hatch First 

Get SALT Encoding   

  12  0:01  Drone  
  13  0:13  Overlord  
  13  0:16  Drone  
  14  0:31  Drone x2  
  16  0:48  Hatchery  
  15  0:52  Drone  
  15  0:54  Drone  
  17  0:57  Drone  
  18  1:09  Extractor  
  17  1:14  Spawning Pool  
  17  1:16  Drone  
  17  1:20  Drone  
  18  1:29  Drone  
  19  1:40  Drone  
  20  1:51  Drone  
  21  2:00  Queen  
  21  2:01  Overlord, Queen  
  23  2:02  Zergling x2  
  26  2:10  Metabolic Boost  
  26  2:11  Zergling x2  
  26  2:12  Drone  
  28  2:21  Drone  
  29  2:24  Drone  
  30  2:34  Hatchery  
  30  2:35  Drone  
  30  2:37  Drone  
  31  2:44  Queen  
  31  2:49  Overlord  
  33  2:52  Drone  
  33  2:53  Drone  
  33  2:56  Drone  
  36  3:07  Overlord  
  36  3:12  Overlord  
  36  3:14  Drone x4  
  36  3:16  Drone  
  41  3:20  Drone x2  
  41  3:22  Drone  
  43  3:32  Overlord  
  43  3:34  Drone  
  43  3:41  Spore Crawler, Drone  
  43  3:42  Drone x3  
  43  3:43  Lair  
  47  3:49  Drone  
  47  3:50  Spore Crawler  
  47  3:51  Drone  
  47  3:53  Drone  
  49  3:56  Drone  
  49  3:59  Drone  
  51  4:04  Evolution Chamber, Drone, Extractor  
  51  4:05  Extractor, Spore Crawler, Drone  
  51  4:06  Drone  
  51  4:07  Drone  
  51  4:09  Drone  
  52  4:20  Drone x3  
  52  4:21  Drone x3  
  54  4:26  Drone x2  
  53  4:33  Drone x4  
  53  4:36  Drone  
  58  4:41  Drone x2  
  58  4:44  Hydralisk Den, Extractor, Overseer  
  58  4:45  Extractor  
  58  4:51  Drone x2  
  59  4:59  Zergling x14  
  66  5:01  Overlord  
  66  5:13  Overlord x2  
  66  5:16  Muscular Augments  
  66  5:22  Hydralisk x5  
  76  5:31  Hydralisk x3  
  82  5:35  Hydralisk  
  82  5:36  Hydralisk  
  82  5:40  Overlord  
  85  5:49  Hydralisk x3  
  81  5:52  Hydralisk  
  89  6:02  Hydralisk x2  
  93  6:06  Zergling x2  
  93  6:07  Zergling x10  
  93  6:09  Overlord  
  99  6:17  Zergling x6  
  100  6:24  Zergling x6  
  102  6:32  Grooved Spines  
  99  6:34  Baneling Nest, Zergling x14  
  99  6:36  Overlord  
  105  6:40  Overlord  
  105  6:44  Queen, Zerg Melee Weapons Level 1  
  105  6:45  Drone  
  108  6:47  Drone x2  
  108  6:49  Drone  
  108  6:52  Drone  
  112  6:58  Drone  
  112  6:59  Drone x2  
  111  7:04  Drone  
  111  7:05  Drone  
  111  7:06  Drone x4  
  111  7:08  Drone  
  115  7:17  Centrifical Hooks  
  115  7:20  Hydralisk x4  
  119  7:23  Hydralisk  
  119  7:30  Overlord  
  119  7:34  Hydralisk x3  
  119  7:35  Hatchery  
  124  7:40  Hydralisk x2  
  128  7:46  Hydralisk  
  128  7:49  Overlord x4  
  130  8:01  Hydralisk  
  130  8:02  Zergling x12  
  137  8:11  Zergling x10  
  139  8:16  Baneling  
  139  8:17  Baneling x10  
  139  8:18  Overlord  
  139  8:24  Zergling x12  
  145  8:30  Zergling x8  
  145  8:34  Baneling x7  
  149  8:36  Zergling x2  
  149  8:37  Baneling x4  
  150  8:42  Zergling x2  
  150  8:43  Zergling x2  
  145  8:56  Zergling x20  
  146  9:06  Hydralisk x3  
  146  9:09  Baneling x3  
  148  9:13  Queen  
  150  9:18  Infestation Pit, Hydralisk x5  
  150  9:19  Zergling x2  
  160  9:28  Hatchery  
  160  9:29  Zergling x4, Hydralisk  
  163  9:31  Overlord  
  163  9:39  Drone x3  
  163  9:44  Drone x2  
  163  9:45  Drone x7  
  175  9:51  Baneling x6  
  175  9:54  Drone x2  
  175  9:59  Zergling x10  
  181  10:01  Baneling x2  
  181  10:06  Extractor x2  
  178  10:16  Zergling x12  
  178  10:19  Overlord  
  184  10:23  Overlord  
  184  10:27  Spire  
  166  10:46  Hydralisk  
  166  10:47  Zergling x32  
  157  10:53  Baneling x13  
Tags
 
Add a new tag
Caveats
  • Supply blocks, unpowered buildings, or Contaminate may cause inaccurate times.
  • Supply counts are checked every 10 seconds.